 Dungeon Crawl Stone Soup version 0.31-a0-7-g51783674b7 (webtiles) character file.

Game seed: 7866910442563192340

105 avis the Cutter (level 4, 0/22 HPs)
             Began as a Vine Stalker Artificer on May 5, 2023.
             Succumbed to a scorpion's poison
             ... on level 3 of the Dungeon.
             The game lasted 00:12:44 (1574 turns).

avis the Cutter (Vine Stalker Artificer)            Turns: 1574, Time: 00:12:45

Health: 0/22       AC:  4    Str: 16    XL:     4   Next: 83%
Magic:  2/5        EV: 11    Int: 11    God:
Gold:   86         SH:  0    Dex: 15    Spells: 3/3 levels left

rFire   . . .        a - +0 rapier
rCold   . . .        (no shield)
rNeg    . . .        r - +0 leather armour
rPois   .            (no helmet)
rElec   .            g - +0 cloak
rCorr   .            (no gloves)
SInv    .            (no boots)
Will    .....        (no amulet)
Stlth   ++           (no ring)
HPRegen 1.03/turn    (no ring)
MPRegen 0.09/turn

%: guardian spirit
@: lethally poisoned (0 -> -4)
A: fangs 2, regeneration 1, magic shield, antimagic bite, no potion heal 2
a: no special abilities


You were on level 3 of the Dungeon.
You visited 1 branch of the dungeon, and saw 3 of its levels.

You collected 86 gold pieces.

Inventory:

Hand Weapons
 a - a +0 rapier (weapon)
 b - a +1 dagger of holy wrath
Armour
 g - a +0 cloak (worn)
 r - a +0 leather armour (worn)
Wands
 c - a wand of flame (15) (quivered)
 d - a wand of charming (15)
 e - a wand of iceblast (5)
Scrolls
 f - 2 scrolls of teleportation {unknown}
 i - 2 scrolls of enchant weapon {unknown}
 l - a scroll of poison {unknown}
 m - 3 scrolls of immolation {unknown}
 o - 3 scrolls of identify {unknown}
 s - a scroll of vulnerability {unknown}
Potions
 h - 2 potions of might {unknown}
 j - 2 potions of attraction {unknown}
 k - 2 potions of degeneration {unknown}
 n - a potion of ambrosia {unknown}
 p - 3 potions of curing {unknown}
 q - a potion of mutation {unknown}


   Skills:
 - Level 1.0 Fighting
 * Level 3.1 Short Blades
 - Level 2.0 Armour
 - Level 1.0 Dodging
 - Level 2.0 Stealth
 + Level 0.0 Spellcasting
 - Level 3.0 Evocations


You had 3 spell levels left.
You didn't know any spells.
Your spell library was empty.

Dungeon Overview and Level Annotations

Branches:
Dungeon (3/15)

Altars:


Innate Abilities, Weirdness & Mutations

You have extremely sharp teeth.
Your natural rate of healing is unusually fast.
When hurt, damage is shared between your health and your magic reserves.
Your bite disrupts and absorbs the magic of your enemies.
Potions cannot restore your health.


Message History

You hit the scorpion but do no damage.
You bite the scorpion, but do no damage.
The scorpion stings you but does no damage.
You closely miss the scorpion. Your bite misses the scorpion.
The scorpion closely misses you.
You barely miss the scorpion. The scorpion completely misses you.
You hit the scorpion but do no damage. Your bite misses the scorpion.
The scorpion stings you. x2
You are poisoned.
The scorpion poisons you!
You closely miss the scorpion. Your bite misses the scorpion.
You feel very sick. The scorpion stings you.
You barely miss the scorpion.
You bite the scorpion, but do no damage.
You feel sick. The scorpion closely misses you.
You hit the scorpion but do no damage.
You feel sick. The scorpion misses you.
You closely miss the scorpion.
You feel sick.
A jackal comes into view.
The scorpion barely misses you. The scorpion misses you.
The jackal barks!
You hit the scorpion.
The scorpion is lightly wounded.
You feel sick. The scorpion stings you.
You are more poisoned.
The scorpion poisons you!
You closely miss the scorpion.
The scorpion is lightly wounded.
You feel very sick.
A jackal comes into view.
The scorpion stings you.
You are lethally poisoned!
The scorpion poisons you!
A bat comes into view.
The scorpion attacks as you move away! The scorpion barely misses you.
* * * LOW HITPOINT WARNING * * *
You feel very sick.
* * * LOW HITPOINT WARNING * * *
You feel very sick.
You die...

b.# #..###
...##########
#..........#
#..........#
#.h......!.#
#.s........#
#.####..........#
#.....@.........#
##....<##########
#.###.# # ..#
...# ....$ ..$##.
.... . ..... ##


You could see a scorpion and a jackal.

Vanquished Creatures
  4 adders (D:2)
  5 worms (D:2)
  2 dart slugs
  9 ball pythons
  5 bats
  6 endoplasms
  3 giant cockroaches
  2 goblins (D:1)
  A hobgoblin (D:1)
  2 quokkas
  2 frilled lizards (D:1)
  6 kobolds
  2 rats (D:2)
49 creatures vanquished.

Notes
Turn   | Place    | Note
-------+----------+-------------------------------------------
     0 | D:1      | avis the Vine Stalker Artificer began the quest for the
                  | Orb.
     0 | D:1      | Reached XP level 1. HP: 9/9 MP: 2/2
     6 | D:1      | Noticed a salamander
     6 | D:1      | Noticed a snapping turtle
     7 | D:1      | Noticed a swamp worm
     7 | D:1      | Noticed a black bear
    39 | D:1      | Reached skill level 1 in Fighting
   153 | D:1      | Reached skill level 1 in Dodging
   153 | D:1      | Reached XP level 2. HP: 8/14 MP: 1/3
   499 | D:1      | Reached XP level 3. HP: 14/18 MP: 2/4
   752 | D:2      | Reached skill level 1 in Short Blades
  1042 | D:2      | Gained mutation: Your natural rate of healing is unusually
                  | fast. [Vine Stalker growth]
  1042 | D:2      | Reached XP level 4. HP: 3/22 MP: 3/5
  1556 | D:3      | Noticed a scorpion
  1574 | D:3      | Succumbed to a scorpion's poison

Illustrated notes

Levels and vault maps discovered:
D:1:      onia_arrival_zoo_common, layout_rooms, serial_corexii_hall,
          chequers_hall_statues_wall_a, chequers_hall_statues_corner_a
D:2:      minmay_alternating_diamond, layout_rooms
D:3:      layout_basic, grunt_temple_overflow_open

Skill      XL: |  1  2  3  4 |
---------------+-------------+-----
Fighting       | 1 |  1.0
Armour         | 2 |  2.0
Dodging        | 1 |  1.0
Stealth        | 2 |  2.0
Evocations     | 3 |  3.0
Short Blades   | 2 3 |  3.1

Action                     |  1- 3 |  4- 6 || total
---------------------------+-------+-------++-------
  Melee: Club              |    33 |       ||    33
         Bite              |    26 |    24 ||    50
         Dagger            |   121 |    39 ||   160
         Rapier            |       |    31 ||    31
   Stab: Sleeping          |     4 |     2 ||     6
 Armour: Leather armour    |    52 |    12 ||    64
  Dodge: Dodged            |    91 |    27 ||   118

Table legend: (Time is in decaauts)
 A = Elapsed time spent in this place.
 B = Non-inter-level travel time spent in this place.
 C = Inter-level travel time spent in this place.
 D = Time resting spent in this place.
 E = Time spent auto-exploring this place.
 F = Levels seen in this place.
 G = Mean time per level.
                   A        B        C        D        E       F      G
               +--------+--------+--------+--------+--------+-----+--------+
         Total |   1575 |   1490 |     85 |    102 |    718 |   3 |  525.0 |
       Dungeon |   1575 |   1490 |     85 |    102 |    718 |   3 |  525.0 |
               +--------+--------+--------+--------+--------+-----+--------+

Top non-repeatable levels by time:
     D:2: 829 daAuts
     D:1: 726 daAuts
     D:3: 19 daAuts
